 Dungeon Crawl Stone Soup version 0.23.0-3-gf3c87f2 (webtiles) character file.

Game seed: 14379065589109143537

19918 poirepourri the Severer (level 12, -5/114 HPs)
             Began as a Deep Dwarf Fighter on Feb 24, 2019.
             Was a Priest of Makhleb.
             Killed from afar by a deep elf mage (34 damage)
             ... with a bolt of negative energy
             ... on level 13 of the Dungeon.
             The game lasted 00:12:28 (10229 turns).

poirepourri the Severer (Deep Dwarf Fighter)       Turns: 10229, Time: 00:12:30

Health: -5/114     AC: 12    Str: 22    XL:     12   Next: 40%
Magic:  3/3        EV:  8    Int: 13    God:    Makhleb [***...]
Gold:   410        SH: 16    Dex: 16    Spells: 11/11 levels left

rFire    . . .     SeeInvis +   a - +0 war axe
rCold    . . .     Gourm    .   c - +5 shield
rNeg     . . .     Faith    .   z - +1 chain mail {rPois}
rPois    +         Spirit   .   (helmet restricted)
rElec    .         Reflect  .   e - +1 cloak
rCorr    .         Harm     .   y - +0 pair of gloves "Duahonev" {Str+3}
MR       +....                  (no boots)
Stlth    ..........             (no amulet)
HPRegen  0.00/turn              u - +2 ring of intelligence
MPRegen  0.08/turn              d - ring of see invisible

@: non-regenerating, heavily drained
A: damage resistance, heal wounds, antennae 1, repulsion field 1, sense
surroundings 2, no regeneration
a: Heal Wounds, Minor Destruction, Lesser Servant of Makhleb, Renounce Religion


You were on level 13 of the Dungeon.
You worshipped Makhleb.
Makhleb was most pleased with you.
You were hungry.

You visited 2 branches of the dungeon, and saw 14 of its levels.
You also visited: Ossuary.

You collected 834 gold pieces.
You spent 424 gold pieces at shops.

Inventory:

Hand Weapons
 a - a +0 war axe (weapon)
 b - a +2 flail of protection
Missiles
 q - 83 bolts
 t - 8 silver tomahawks (quivered)
Armour
 c - a +5 shield (worn)
 e - a +1 cloak (worn)
 y - the +0 pair of gloves "Duahonev" (worn) {Str+3}
   (You bought it in a shop on level 11 of the Dungeon)

   It affects your strength (+3).
 z - a +1 chain mail of poison resistance (worn)
Jewellery
 d - a ring of see invisible (right hand)
 u - a +2 ring of intelligence (left hand)
Wands
 g - a wand of flame (22)
 i - a wand of paralysis (10)
 l - a wand of iceblast (12)
 n - a wand of disintegration (16)
Scrolls
 j - 3 scrolls of remove curse
 k - 8 scrolls of teleportation
 o - 4 scrolls of identify
 p - 5 scrolls of magic mapping
 r - a scroll of holy word
 v - a scroll of fog
Potions
 h - 4 potions of haste
 s - 4 potions of flight
 x - a potion of brilliance
Comestibles
 f - 13 rations


   Skills:
 - Level 9.1(7.6) Fighting
 - Level 16.7(15.0) Axes
 - Level 3.2(2.0) Armour
 - Level 9.5(8.1) Shields
 + Level 5.0(3.7) Evocations


You had 11 spell levels left.
You didn't know any spells.
Your spell library contained the following spells:

 Spells                   Type           Power        Failure   Level  Hunger
 Magic Dart               Conj           #...         100%        1    ##.....
 Sandblast                Erth           #.....       100%        1    ##.....
 Passwall                 Tmut/Erth      #.......     100%        2    ###....
 Searing Ray              Conj           #.....       100%        2    ###....
 Dazzling Spray           Conj/Hex       #.....       100%        3    ####...
 Stone Arrow              Conj/Erth      #.....       100%        3    ####...
 Force Lance              Conj/Tloc      #.......     100%        4    #####..
 Fulminant Prism          Conj/Hex       #.........   100%        4    #####..
 Iskenderun's Mystic Bla  Conj           #.......     100%        4    #####..
 Petrify                  Tmut/Erth      #.......     100%        4    #####..
 Lee's Rapid Deconstruct  Erth           #.........   100%        5    ######.


Dungeon Overview and Level Annotations

Branches:
Dungeon (13/15)            Temple (1/1) D:7            Lair (0/6) D:11
    Orc (0/2) D:10
 Vaults: D:13-14

Altars:
Ashenzari
Cheibriados
Dithmenos
Elyvilon
Fedhas
Gozag
Hepliaklqana
Kikubaaqudgha
Makhleb
Nemelex Xobeh
Okawaru
Qazlal
Ru
Sif Muna
Trog
Uskayaw
Vehumet
Wu Jian
Xom
Yredelemnul
Zin
The Shining One
Jiyva

Shops:
D:11 [

Annotations:
D:5 Prince Ribbit


Innate Abilities, Weirdness & Mutations

You are resistant to damage.
You can heal yourself by infusing magical energy.
You passively map the area around you.
You do not regenerate.
You have a pair of small antennae on your head.
You are surrounded by a mild repulsion field. (EV +2)


Message History

The deep elf mage is severely wounded.
You hit the hellwing. You hit the sun demon but do no damage.
The hellwing hits you.
* * * LOW HITPOINT WARNING * * *
The hellwing barely misses you.
You closely miss the deep elf mage.
The deep elf mage is severely wounded.
You closely miss the sun demon. You hit the hellwing but do no damage.
You block the sun demon's attack. You block the deep elf mage's attack.
You completely miss the deep elf mage.
The deep elf mage is severely wounded.
You hit the hellwing. You slash the sun demon!
You block the sun demon's attack. You block the hellwing's attack.
The hellwing hits you but does no damage.
The deep elf mage casts a spell.
The deep elf mage blinks!
The hellwing hits you. You block the hellwing's attack.
The deep elf mage casts a spell at you. The bolt of negative energy hits you!!
You feel drained.
You die...

** ,*** ###.# ,,, , .#
** #.... * , .. #.#..
, * ..* #.### * #. #.#
, , # #. #.# **
,#.##.#. ### #.# *
#.e....##.####### #.#
, .......@3........
#.# ,
.......4.......##.*#.#
*
..##.####.####.##.##.#
# #[# #.##.##.# * ,
#†# #.#..##.# ,* , , *
#.# #.....#.# , ,* ,
#$# #.....#.# * , ,
#># #.......# , , #,
#.# #.....###


You could see a sun demon, a hellwing and a deep elf mage.

Vanquished Creatures
  A hydra (D:12)
  A tengu warrior (D:13)
  6 two-headed ogres
  2 unseen horrors
  Pikel (D:6)
  A deep elf mage (D:12)
  An ugly thing (D:11)
  3 cyclopes
  A manticore (D:8)
  Maurice (D:9)
  Joseph (D:7)
  Psyche (D:9)
  A gargoyle (D:13)
  A kobold demonologist (D:13)
  The ghost of night the Skirmisher, a novice GrGl (D:5)
  A tengu conjurer (D:13)
  3 trolls
  4 hippogriffs
  A meliai zombie (D:12)
  3 hungry ghosts
  3 vampire mosquitoes (D:12)
  A basilisk (D:12)
  A soldier ant (D:11)
  An acid dragon (D:11)
  A water moccasin (D:13)
  4 orc warriors
  A black bear (D:9)
  2 sky beasts
  A necrophage (D:12)
  An ice beast (D:10)
  2 eyes of draining
  2 phantoms
  3 centaurs
  5 ogres
  A crocodile (D:11)
  4 bullfrogs
  2 elf zombies (Ossuary)
  2 scorpions
  15 killer bees
  11 wights
  11 howler monkeys
  10 crimson imps
  5 hounds
  2 bullfrog zombies
  3 human zombies
  2 centaur zombies
  9 jellies
  3 orc wizards
  2 gnoll shamans
  9 orc priests
  2 bullfrog skeletons
  2 centaur skeletons
  2 iguanas
  9 worker ants
  2 human skeletons (D:4)
  2 big kobold zombies (Ossuary)
  A hound zombie (D:5)
  3 hound skeletons
  2 mummies (Ossuary)
  A worker ant zombie (D:11)
  13 gnolls
  10 adders
  3 shadow imps
  5 adder zombies
  6 oozes
  3 worms
  6 dart slugs
  4 leopard geckos
  22 orcs
  A ball python (D:1)
  8 giant cockroaches
  A goblin (D:1)
  6 hobgoblins
  16 jackals
  4 kobolds
  3 quokkas
  9 bats
  3 frilled lizards
  12 hobgoblin zombies (Ossuary)
  3 jackal zombies (Ossuary)
  6 kobold zombies (Ossuary)
  A leopard gecko skeleton (D:5)
  2 orc skeletons (D:4)
  7 orc zombies (Ossuary)
  A quokka zombie (D:6)
  6 rats
341 creatures vanquished.

Vanquished Creatures (others)
  A jackal zombie (D:6)
1 creature vanquished.

Grand Total: 342 creatures vanquished

Notes
Turn   | Place    | Note
-------+----------+-------------------------------------------
     0 | D:1      | poirepourri the Deep Dwarf Fighter began the quest for the
                  | Orb.
     0 | D:1      | Reached XP level 1. HP: 20/20 MP: 1/1
   143 | D:1      | Reached skill level 3 in Axes
   198 | D:1      | Reached XP level 2. HP: 24/27 MP: 2/2
   647 | D:2      | Reached XP level 3. HP: 32/33 MP: 2/2
   657 | D:2      | Reached skill level 4 in Axes
  1006 | D:2      | Reached XP level 4. HP: 38/40 MP: 3/3
  1596 | D:3      | Found a hazy altar of Hepliaklqana.
  1675 | D:3      | Reached skill level 5 in Axes
  2020 | D:4      | Noticed a phantom
  2074 | D:4      | Reached XP level 5. HP: 40/46 MP: 4/4
  2221 | D:4      | Reached skill level 6 in Axes
  2234 | D:4      | Found a sand-covered staircase.
  2250 | Ossuary  | Entered an ossuary
  2365 | Ossuary  | Reached skill level 7 in Axes
  2365 | Ossuary  | Reached XP level 6. HP: 34/55 MP: 5/5
  2468 | Ossuary  | Reached skill level 8 in Axes
  2646 | D:4      | Reached XP level 7. HP: 36/61 MP: 6/6
  2983 | D:4      | Reached skill level 9 in Axes
  3017 | D:5      | Entered Level 5 of the Dungeon
  3195 | D:5      | Reached skill level 10 in Axes
  3293 | D:5      | Reached XP level 8. HP: 50/68 MP: 7/7
  3429 | D:5      | Found a runed translucent door.
  3448 | D:5      | Noticed night's ghost (novice GrGl)
  3499 | D:5      | Killed night's ghost
  3499 | D:5      | Reached skill level 11 in Axes
  3525 | D:5      | Noticed Prince Ribbit
  3860 | D:6      | Noticed Pikel
  3881 | D:6      | Killed Pikel
  3881 | D:6      | Reached skill level 12 in Axes
  4132 | D:6      | Gained mutation: You passively map the area around you.
                  | [Deep Dwarf growth]
  4132 | D:6      | Reached XP level 9. HP: 34/74 MP: 8/8
  4397 | D:7      | Reached skill level 13 in Axes
  4789 | D:7      | Noticed Joseph
  4802 | D:7      | Killed Joseph
  4897 | D:7      | Reached skill level 14 in Axes
  4919 | D:7      | Found a staircase to the Ecumenical Temple.
  4932 | Temple   | Entered the Ecumenical Temple
  4955 | Temple   | Became a worshipper of Makhleb the Destroyer
  5482 | D:8      | Noticed a manticore
  5492 | D:8      | Killed a manticore
  5492 | D:8      | Reached skill level 15 in Axes
  5492 | D:8      | Reached XP level 10. HP: 28/81 MP: 9/9
  5892 | D:8      | Noticed a two-headed ogre
  5903 | D:8      | Killed a two-headed ogre
  6486 | D:9      | Noticed Maurice
  6509 | D:9      | Killed Maurice
  6509 | D:9      | Reached skill level 16 in Axes
  6639 | D:9      | Noticed a two-headed ogre
  6640 | D:9      | Noticed Psyche
  6666 | D:9      | Killed Psyche
  6690 | D:9      | Killed a two-headed ogre
  6788 | D:9      | Reached * piety under Makhleb
  7111 | D:9      | Gained mutation: You have a pair of small antennae on your
                  | head. [potion of mutation]
  7111 | D:9      | Gained mutation: You are surrounded by a mild repulsion
                  | field. (EV +2) [potion of mutation]
  7223 | D:9      | Noticed a two-headed ogre
  7232 | D:9      | Killed a two-headed ogre
  7232 | D:9      | Reached skill level 5 in Fighting
  7232 | D:9      | Reached XP level 11. HP: 55/94 MP: 4/4
  7393 | D:9      | Found a viscous altar of Jiyva.
  7755 | D:10     | Entered Level 10 of the Dungeon
  7861 | D:10     | Noticed an unseen horror
  7889 | D:10     | Killed an unseen horror
  7896 | D:10     | Noticed a two-headed ogre
  7905 | D:10     | Killed a two-headed ogre
  7935 | D:10     | Reached ** piety under Makhleb
  7962 | D:10     | Found a staircase to the Orcish Mines.
  8568 | D:11     | Found a staircase to the Lair.
  8633 | D:11     | Noticed a purple ugly thing
  8660 | D:11     | Killed a purple ugly thing
  9045 | D:11     | Found Vaseju's Antique Armour Shop.
  9053 | D:11     | Bought a pair of faintly glowing gloves for 237 gold pieces
  9053 | D:11     | Bought a runed chain mail for 187 gold pieces
  9058 | D:11     | Identified the +0 pair of gloves "Duahonev" {Str+3} (You
                  | bought it in a shop on level 11 of the Dungeon)
  9135 | D:11     | Noticed an unseen horror
  9172 | D:11     | Killed an unseen horror
  9439 | D:12     | Reached skill level 5 in Shields
  9446 | D:12     | Noticed a two-headed ogre
  9467 | D:12     | Killed a two-headed ogre
  9467 | D:12     | Reached *** piety under Makhleb
  9553 | D:12     | Noticed a six-headed hydra
  9569 | D:12     | Killed a seven-headed hydra
  9569 | D:12     | Reached XP level 12. HP: 57/114 MP: 4/4
  9795 | D:13     | Noticed a tengu warrior
  9815 | D:13     | Killed a tengu warrior
  9921 | D:13     | Noticed a two-headed ogre
  9941 | D:13     | Killed a two-headed ogre
 10209 | D:13     | Reached skill level 5 in Evocations
 10211 | D:13     | Identified the +1 robe of the Swamp {rF- MR+++ Str+3 Dex-3}
 10229 | D:13     | Killed from afar by a deep elf mage

Skill      XL: |  1  2  3  4  5  6  7  8  9 10 11 12 |
---------------+-------------------------------------+-----
Axes           | 3 4 5 7 8 10 12 15 16 | 16.7
Fighting       | 5 9 |  9.1
Shields        | 7 9 |  9.5
Evocations     | 5 |  5.0
Armour         | |  3.2

Action                   |  1- 3 |  4- 6 |  7- 9 | 10-12 || total
-------------------------+-------+-------+-------+-------++-------
Melee: War axe           |   155 |   227 |   429 |   826 ||  1637
       Flail             |       |       |       |    11 ||    11
 Abil: Heal Wounds       |     1 |       |     8 |    31 ||    40
Evoke: Wand              |       |       |     4 |     1 ||     5
  Use: Scroll            |     4 |     8 |    14 |     5 ||    31
       Potion            |     1 |     4 |     8 |     9 ||    22
 Stab: Invisible         |       |       |     1 |       ||     1
       Distracted        |       |       |       |     1 ||     1
  Eat: Ration            |     1 |     1 |     3 |     6 ||    11
       Chunk             |       |       |       |     2 ||     2
Armor: Scale mail        |    91 |    72 |   133 |   144 ||   440
       Skin              |       |       |    24 |       ||    24
       Chain mail        |       |       |       |   111 ||   111
Dodge: Dodged            |    48 |    58 |    74 |   186 ||   366
Block: Shield            |   102 |    85 |   212 |   596 ||   995
